 Dungeon Crawl Stone Soup version 0.27.1-34-g3ba077fa99 (webtiles) character file.

Game seed: 2525463410448300762

341 pkoi the Slasher (level 6, -2/47 HPs)
             Began as a Human Fighter on Jan 22, 2022.
             Slain by an ogre (27 damage)
             ... on level 4 of the Dungeon.
             The game lasted 00:02:20 (3860 turns).

pkoi the Slasher (Human Fighter)                    Turns: 3860, Time: 00:02:20

Health: -2/47      AC: 10    Str: 18    XL:     6   Next: 87%
Magic:  6/6        EV:  7    Int:  9    God:
Gold:   136        SH:  9    Dex: 12    Spells: 5/5 levels left

rFire    . . .     SeeInvis .   n - +1 short sword (elec)
rCold    . . .     Faith    .   c - +0 kite shield
rNeg     . . .     Spirit   .   b - +0 scale mail
rPois    .         Reflect  .   (no helmet)
rElec    .         Harm     .   (no cloak)
rCorr    .         Rampage  .   (no gloves)
Will     .....                  (no boots)
Stlth    ..........             (no amulet)
HPRegen  0.15/turn              i - +4 ring of protection
MPRegen  0.10/turn              (no ring)

@: no status effects
A: no striking features
a: no special abilities


You were on level 4 of the Dungeon.
You visited 1 branch of the dungeon, and saw 4 of its levels.

You collected 136 gold pieces.

Inventory:

Hand Weapons
 a - a +0 long sword
 h - a +3 whip of venom
 n - a +1 short sword of electrocution (weapon)
Armour
 b - a +0 scale mail (worn)
 c - a +0 kite shield (worn)
Jewellery
 i - a +4 ring of protection (left hand)
 j - a ring of resist corrosion
Scrolls
 e - 2 scrolls of identify
 l - 3 scrolls of acquirement {unknown}
 m - a scroll of enchant weapon {unknown}
 p - a scroll of vulnerability {unknown}
Potions
 d - 2 potions of might
 f - a potion of lignification
 g - a potion of cancellation
 k - 2 potions of brilliance
 o - a potion of heal wounds {unknown}
 q - a potion of berserk rage {unknown}


   Skills:
 - Level 3.0 Fighting
 + Level 5.7 Long Blades
 - Level 3.0 Armour
 + Level 4.6 Shields


You had 5 spell levels left.
You didn't know any spells.
Your spell library contained the following spells:

 Spells                   Type           Power      Damage    Failure   Level
 Dispersal                Tloc           0%         N/A       100%        6
 Disjunction              Tloc           0%         N/A       100%        8


Dungeon Overview and Level Annotations

Branches:
Dungeon (4/15)
 Temple: D:4-7

Altars:


Message History

You hit the giant cockroach but do no damage.
Lightning courses through the giant cockroach!!
You kill the giant cockroach!
No target in view!
No target in view!
No target in view!
No target in view!
No target in view!
No target in view!
No target in view!
No target in view!
No target in view!
No target in view!
Found a sedimented white potion.
q - a sedimented white potion You open the door.
There is an open door here.
You open the door.
There is an open door here.
A ball python and an ogre come into view.
The ball python hisses angrily.
The ogre shouts!
There are monsters nearby!
The ogre hits you with a +0 giant club!
You hit the ogre.
The ogre is lightly wounded.
The ogre barely misses you.
You closely miss the ogre.
The ogre is lightly wounded.
You hit the ogre but do no damage.
The ogre is lightly wounded.
The ogre barely misses you. You block the ball python's attack. x2
You hit the ogre.
The ogre is moderately wounded.
The ball python closely misses you. The ball python barely misses you.
The ogre hits you with a +0 giant club! You block the ball python's attack. x2
You hit the ogre.
The ogre is moderately wounded.
The ogre hits you with a +0 giant club!!
Ouch! That really hurt!
You die...

...####.#..#
##............
......# #.#..##
#..... ......#
#...# #.#...#
....# #.#...#
#.####S#.#
##.#...###
#...O@...#
#.........
######.###
##.#..#.## #.#
#.#..#... ###
#.# #(#.....#
#.# #.#
#.##.##..
#########.###.#
#.##.##..
#..........##.#
#.##.##..
###.#####.###'##
#.##..... #.#
#.#....#
#.##.##.#


You could see an ogre and a ball python.

Vanquished Creatures
  A phantom (D:4)
  A scorpion (D:4)
  A jelly (D:4)
  2 hounds
  2 iguanas (D:4)
  2 adders
  An adder skeleton (D:4)
  A dart slug (D:1)
  3 orcs
  6 ball pythons
  2 endoplasms
  5 giant cockroaches
  3 goblins
  2 hobgoblins
  2 jackals (D:2)
  3 kobolds
  4 quokkas
  A bat (D:3)
  2 frilled lizards (D:3)
  2 rats
46 creatures vanquished.

Notes
Turn   | Place    | Note
-------+----------+-------------------------------------------
     0 | D:1      | pkoi the Human Fighter began the quest for the Orb.
     0 | D:1      | Reached XP level 1. HP: 18/18 MP: 1/1
   131 | D:1      | Reached XP level 2. HP: 24/24 MP: 2/2
   499 | D:1      | Found a faded altar of an unknown god.
   842 | D:2      | Reached skill level 3 in Long Blades
   842 | D:2      | Reached XP level 3. HP: 20/29 MP: 3/3
  2041 | D:3      | Reached skill level 4 in Long Blades
  2041 | D:3      | Reached XP level 4. HP: 31/35 MP: 4/4
  2832 | D:4      | Reached XP level 5. HP: 40/41 MP: 5/5
  2935 | D:4      | Reached skill level 5 in Long Blades
  2961 | D:4      | Noticed a phantom
  2977 | D:4      | Killed a phantom
  2978 | D:4      | Reached XP level 6. HP: 23/47 MP: 6/6
  3854 | D:4      | Noticed an ogre
  3860 | D:4      | Slain by an ogre

Illustrated notes

Levels and vault maps discovered:
D:1:      wheals_arrival_linesprint, layout_basic,
          shapermc_ecumenical_altar_mp_ritualfount
D:2:      layout_loops_ring, minmay_misc_feat_alley, minmay_misc_feat_x
D:3:      layout_basic
D:4:      layout_basic, kennysheep_generic_room_16

Skill      XL: |  1  2  3  4  5 |
---------------+----------------+-----
Long Blades    | 3 4 5 |  5.7
Shields        | 4 |  4.6
Fighting       | |  3.0
Armour         | |  3.0

Action                   |  1- 3 |  4- 6 || total
-------------------------+-------+-------++-------
Melee: Long sword        |    29 |       ||    29
       Whip              |    60 |     7 ||    67
       Short sword       |       |    80 ||    80
  Use: Scroll            |     4 |       ||     4
Armor: Scale mail        |    47 |    25 ||    72
Dodge: Dodged            |    31 |    36 ||    67
Block: Kite shield       |    41 |    35 ||    76
       Rpst.: Long sword |     5 |       ||     5
